 Dungeon Crawl Stone Soup version 0.31-a0-210-gccc998df9b (webtiles) character file.

Game seed: 8649679618989827532

22533 AvylaarBelgium the Eclecticist (level 12, -4/66 HPs)
             Began as a Deep Elf Conjurer on June 28, 2023.
             Was an Elder of Vehumet.
             Slain by a jumping spider simulacrum (20 damage)
             ... on level 3 of the Lair of Beasts.
             The game lasted 00:29:38 (12990 turns).

AvylaarBelgium the Eclecticist (Deep Elf Conjurer) Turns: 12990, Time: 00:29:38

Health: -4/66      AC:  6    Str:  7    XL:     12   Next: 63%
Magic:  14/34      EV: 15    Int: 29    God:    Vehumet [****..]
Gold:   486        SH:  0    Dex: 16    Spells: 19/43 levels left

rFire   + + .        z - +4 quarterstaff (chaos)
rCold   . . .        (shield currently unavailable)
rNeg    . . .        x - +2 robe {rC+}
rPois   .            (no helmet)
rElec   .            d - scarf {repulsion}
rCorr   .            s - +0 pair of gloves
SInv    .            B - +0 pair of boots
Will    +....        J - amulet "Butyofui" {Faith Str+3 Dex+3}
Stlth   ++++         m - ring of protection from fire
HPRegen 0.31/turn    a - ring of fire
MPRegen 0.24/turn

%: repel missiles, faith
@: no status effects
A: no striking features
a: Renounce Religion


You were on level 3 of the Lair of Beasts.
You worshipped Vehumet.
Vehumet was greatly pleased with you.
You visited 2 branches of the dungeon, and saw 14 of its levels.

You collected 758 gold pieces.
You spent 272 gold pieces at shops.

Inventory:

Hand Weapons
 z - a +4 quarterstaff of chaos (weapon)
 K - the +8 war axe of Devotion {freeze, rC- rCorr Int+4 SInv}
   (You found it on level 11 of the Dungeon)

   Int:       It affects your intelligence (+4).
   rC:        It makes you vulnerable to cold.
   SInv:      It lets you see invisible.
   rCorr:     It protects you from acid and corrosion.
Missiles
 c - 30 poisoned darts
Armour
 d - a scarf of repulsion (worn)
 s - a +0 pair of gloves (worn)
 x - a +2 robe of cold resistance (worn)
 A - a +0 cloak
 B - a +0 pair of boots (worn)
Magical Staves
 D - a staff of earth
Jewellery
 a - a ring of fire (right hand)
 f - an amulet of reflection
 m - a ring of protection from fire (left hand)
 J - the amulet "Butyofui" (around neck) {Faith Str+3 Dex+3}
   (You found it on level 11 of the Dungeon)

   [amulet of faith]

   It allows you to gain divine favour quickly.
   Str:       It affects your strength (+3).
   Dex:       It affects your dexterity (+3).
 L - an amulet of regeneration
Wands
 q - a wand of mindburst (14)
 u - a wand of digging (5)
 v - a wand of flame (27)
 M - a wand of iceblast (1)
 N - a wand of light (4)
Scrolls
 e - 2 scrolls of noise {unknown}
 g - 3 scrolls of immolation
 h - a scroll of acquirement {unknown}
 i - 3 scrolls of vulnerability
 k - 4 scrolls of fear
 l - 8 scrolls of teleportation
 n - a scroll of blinking {unknown}
 p - 4 scrolls of amnesia {unknown}
 y - a scroll of fog {unknown}
 F - a scroll of revelation {unknown}
 H - 5 scrolls of enchant weapon
 I - a scroll of enchant armour {unknown}
 R - 2 scrolls of poison {unknown}
Potions
 j - 3 potions of curing
 o - a potion of heal wounds
 r - 2 potions of haste
 t - 3 potions of enlightenment
 w - 4 potions of brilliance
 C - a potion of might {unknown}
 E - 2 potions of attraction {unknown}
 G - a potion of berserk rage {unknown}
 O - 4 potions of ambrosia
 P - a potion of cancellation {unknown}
 Q - a potion of degeneration {unknown}


   Skills:
 + Level 4.0 Fighting
 + Level 6.5 Dodging
 + Level 6.9 Stealth
 + Level 16.0 Spellcasting
 + Level 14.0 Conjurations
 - Level 6.9 Hexes
 - Level 8.1 Ice Magic


You had 19 spell levels left.
You knew the following spells:

 Your Spells              Type           Power      Damage    Failure   Level
a - Magic Dart            Conj           100%       1d8       0%          1
b - Searing Ray           Conj           100%       2d8       0%          2
c - Fulminant Prism       Conj/Hex       35%        3d17      1%          4
d - Iskenderun's Mystic   Conj/Tloc      59%        2d12      1%          4
e - Hailstorm             Conj/Ice       72%        3d15      1%          3
f - Blink                 Tloc           46%        N/A       3%          2
g - Flame Wave            Conj/Fire      77%        2d17      1%          4
h - Summon Ice Beast      Ice/Summ       46%        N/A       3%          4

Your spell library contained the following spells:

 Spells                   Type           Power      Damage    Failure   Level
 Freeze                   Ice            100%       1d10      1%          1
 Momentum Strike          Conj/Tloc      100%       3d10      1%          2
 Dazzling Flash           Conj/Hex       100%       N/A       1%          3
 Frozen Ramparts          Ice            100%       1d16      1%          3
 Arcjolt                  Conj/Air       29%        1d39      1%          5
 Lesser Beckoning         Tloc           46%        N/A       3%          2
 Ice Form                 Ice/Tmut       46%        N/A       3%          4
 Vhi's Electric Charge    Tloc/Air       46%        N/A       6%          3
 Silence                  Hex/Air        21%        N/A       14%         5
 Agony                    Necr           23%        N/A       50%         5
 Simulacrum               Ice/Necr       23%        N/A       50%         6
 Plasma Beam              Fire/Air       17%        2x1d28    58%         6


Dungeon Overview and Level Annotations

Branches:
Dungeon (11/15)            Temple (0/1) D:7            Lair (3/5) D:10
  Swamp (0/4) Lair:2
  Snake: Lair:2-3    Spider: Lair:2-3       Orc: D:9-12

Altars:
Fedhas
Hepliaklqana
Makhleb
Qazlal
Trog
Uskayaw
Vehumet
Wu Jian
Xom
The Shining One

Shops:
D:4 *   D:10 *

Annotations:
D:4 exclusion: 2 downstairs
D:6 exclusion: downstairs


Message History

The jumping spider simulacrum pounces on your ice beast!
The jumping spider simulacrum freezes your ice beast.
Your ice beast completely resists.
The jumping spider simulacrum bites your ice beast.
The jumping spider simulacrum freezes your ice beast.
Your ice beast completely resists.
Your ice beast hits the jumping spider simulacrum.
Your ice beast freezes the jumping spider simulacrum.
The jumping spider simulacrum completely resists.
The jumping spider simulacrum closely misses your ice beast.
The jumping spider simulacrum misses your ice beast.
Your ice beast hits the jumping spider simulacrum.
Your ice beast freezes the jumping spider simulacrum.
The jumping spider simulacrum completely resists.
Your ice beast closely misses the jumping spider simulacrum.
Magic courses through your body.
Unknown command.
Casting: Summon Ice Beast (dangerous; 3% risk of failure)
Confirm with . or Enter, or press ? or * to list all spells.
Really blast near your ice beast?
You erupt in a blast of force!
The mystic blast hits your ice beast!
Your ice beast is severely wounded.
Your ice beast is knocked back by the mystic blast.
The mystic blast hits the plant!
The plant begins to die.
The plant is lightly damaged.
The mystic blast hits the jumping spider simulacrum!
The jumping spider simulacrum is almost destroyed.
The jumping spider simulacrum is knocked back by the mystic blast.
Your ice beast disappears in a puff of smoke!
Unknown command.
Casting: Iskenderun's Mystic Blast (safe; 1% risk of failure)
Confirm with . or Enter, or press ? or * to list all spells.
You erupt in a blast of force!
The mystic blast hits the plant!
The plant is lightly damaged.
The mystic blast hits the jumping spider simulacrum but does no damage.
The jumping spider simulacrum is almost destroyed.
The jumping spider simulacrum pounces on you!
* * * LOW HITPOINT WARNING * * *
The jumping spider simulacrum freezes you!!
You die...

...##......# ......# ..##
......##..... ..## #.........
...## #......# ....## #.....###
.....#####....P# ### ######
......####.....######.###....####
..#.....##.......................
..##....#...#...@Z...............
..###.#.....##...................
..##.#.....###...###.#####.#..###
...#....#..########.#####†####.#
..##....<....###...#...###.##..##
.^.#..###...............##.....Z.
...P.## #............<...##......
......# ####...........P##.....#.
....### #.#.##P#.#.########..#P


You could see a jumping spider simulacrum.

Vanquished Creatures
  2 hydras
  2 two-headed ogres
  4 death yaks
  A pharaoh ant (Lair:3)
  2 bog bodies (Lair:2)
  3 black mambas
  5 elephants (Lair:1)
  A gargoyle (D:11)
  2 unseen horrors (D:10)
  2 cane toads (Lair:2)
  A rime drake (Lair:1)
  5 komodo dragons
  A queen bee (D:10)
  2 tarantellas (Lair:3)
  7 polar bears
  Prince Ribbit (D:9)
  A blink frog (Lair:1)
  A jumping spider (Lair:3)
  A shadow (D:11)
  A wyvern (D:11)
  5 yaks (Lair:1)
  A wraith (D:11)
  4 basilisks
  3 vampire mosquitoes (D:11)
  A steam dragon (D:7)
  An acid dragon (D:6)
  6 water moccasins
  A sky beast (D:7)
  3 orc warriors
  An ice beast (D:8)
  13 black bears
  5 ogres
  10 centaurs
  A phantom (D:5)
  8 bullfrogs
  Blork the orc (D:5)
  A scorpion (D:5)
  17 killer bees
  2 howler monkeys (D:11)
  Crazy Yiuf (D:5)
  3 jellies
  3 gnoll boudas
  3 orc priests
  A hound (D:6)
  2 iguanas
  A sleepcap (D:5)
  9 orc wizards
  14 gnolls
  7 adders
  A white imp (D:8)
  2 worms
  4 dart slugs
  27 orcs
  5 ball pythons
  5 bats
  7 endoplasms
  4 giant cockroaches
  8 goblins
  7 hobgoblins
  6 jackals (D:1)
  6 quokkas
  4 frilled lizards
  3 kobolds (D:1)
  4 rats
266 creatures vanquished.

Vanquished Creatures (others)
  169 fulminant prisms
169 creatures vanquished.

Grand Total: 435 creatures vanquished

Notes
Turn   | Place    | Note
-------+----------+-------------------------------------------
     0 | D:1      | AvylaarBelgium the Deep Elf Conjurer began the quest for
                  | the Orb.
     0 | D:1      | Reached XP level 1. HP: 10/10 MP: 6/6
   157 | D:1      | Reached XP level 2. HP: 15/15 MP: 5/8
   533 | D:1      | Reached skill level 4 in Spellcasting
   540 | D:1      | Reached skill level 5 in Conjurations
   555 | D:1      | Reached XP level 3. HP: 19/19 MP: 4/10
  1587 | D:2      | Reached XP level 4. HP: 24/24 MP: 8/12
  1932 | D:3      | Reached skill level 5 in Spellcasting
  2574 | D:3      | Reached XP level 5. HP: 28/28 MP: 12/14
  2626 | D:4      | Learned a level 2 spell: Searing Ray
  2636 | D:4      | Learned a level 4 spell: Fulminant Prism
  2641 | D:4      | Learned a level 4 spell: Iskenderun's Mystic Blast
  2725 | D:4      | Reached skill level 6 in Spellcasting
  3155 | D:4      | Noticed a black bear
  3200 | D:5      | Entered Level 5 of the Dungeon
  3206 | D:5      | Noticed an ogre
  3240 | D:5      | Noticed a centaur
  3526 | D:4      | Reached XP level 6. HP: 32/32 MP: 7/17
  3698 | D:4      | Found Kiqomm's General Store.
  3701 | D:4      | Bought a potion of haste for 110 gold pieces
  3782 | D:5      | Reached skill level 7 in Spellcasting
  3788 | D:5      | Noticed a water moccasin
  3793 | D:5      | Killed a water moccasin
  3794 | D:5      | Reached XP level 7. HP: 36/36 MP: 4/20
  3797 | D:5      | Reached skill level 8 in Spellcasting
  3800 | D:5      | Noticed Blork the orc
  3968 | D:5      | Found a glowing golden altar of the Shining One.
  3969 | D:5      | Found a hazy altar of Hepliaklqana.
  3969 | D:5      | Found a stormy altar of Qazlal.
  3973 | D:5      | Found a shimmering altar of Xom.
  3974 | D:5      | Found an ornate altar of the Wu Jian Council.
  3975 | D:5      | Found a burning altar of Makhleb.
  4248 | D:5      | Killed Blork the orc
  4249 | D:5      | Reached skill level 9 in Spellcasting
  4249 | D:5      | Reached skill level 1 in Hexes
  4249 | D:5      | Reached XP level 8. HP: 34/41 MP: 6/23
  4728 | D:5      | Found a runed translucent door.
  4728 | D:5      | Noticed Crazy Yiuf
  4745 | D:5      | Killed Crazy Yiuf
  5098 | D:6      | Found a radiant altar of Vehumet.
  5140 | D:6      | Became a worshipper of Vehumet
  5336 | D:6      | Learned a level 3 spell: Hailstorm
  5339 | D:6      | Learned a level 2 spell: Blink
  5376 | D:6      | Reached skill level 10 in Spellcasting
  5413 | D:6      | Reached skill level 5 in Hexes
  5659 | D:6      | Reached XP level 9. HP: 45/45 MP: 17/25
  6137 | D:7      | Reached skill level 11 in Spellcasting
  6148 | D:7      | Reached skill level 10 in Conjurations
  6428 | D:7      | Found a staircase to the Ecumenical Temple.
  6783 | D:8      | Noticed a +0 hand axe
  6783 | D:8      | Noticed a +0 hand axe
  6795 | D:8      | Found a hide-covered altar of Uskayaw.
  6900 | D:8      | Found a blossoming altar of Fedhas.
  7073 | D:8      | Reached skill level 1 in Ice Magic
  7239 | D:9      | Reached * piety under Vehumet
  7239 | D:9      | Offered knowledge of Kiss of Death by Vehumet.
  7328 | D:9      | Noticed a two-headed ogre
  7340 | D:9      | Killed a two-headed ogre
  7341 | D:9      | Reached skill level 12 in Spellcasting
  7515 | D:9      | Noticed Prince Ribbit
  7521 | D:9      | Killed Prince Ribbit
  7522 | D:9      | Reached XP level 10. HP: 50/50 MP: 17/28
  7615 | D:9      | You fall into a shaft and drop 2 floors!
  7641 | D:11     | Noticed a gargoyle
  7686 | D:11     | Identified the amulet "Butyofui" {Faith Str+3 Dex+3}
  7689 | D:11     | Identified the +8 war axe of Devotion {freeze, rC- rCorr
                  | Int+4 SInv}
  7787 | D:11     | Killed a gargoyle
  7889 | D:11     | Reached skill level 5 in Ice Magic
  8148 | D:11     | Noticed a two-headed ogre
  8157 | D:11     | Killed a two-headed ogre
  8158 | D:11     | Reached skill level 13 in Spellcasting
  8576 | D:10     | Entered Level 10 of the Dungeon
  8582 | D:10     | Offered knowledge of Shock by Vehumet.
  8596 | D:10     | Reached ** piety under Vehumet
  9061 | D:10     | Reached XP level 11. HP: 54/54 MP: 21/30
  9071 | D:10     | Found Cockidd's Assorted Antiques.
  9075 | D:10     | Reached skill level 14 in Spellcasting
  9175 | D:10     | Bought a scroll labelled WEAHUN BUOL for 27 gold pieces
  9175 | D:10     | Bought 3 scrolls labelled MINLUIS POR TIU for 81 gold
                  | pieces
  9175 | D:10     | Bought a scroll labelled ZIUMAV UMIE for 27 gold pieces
  9175 | D:10     | Bought a scroll labelled MUKOUN KOSU for 27 gold pieces
  9342 | D:10     | Found a staircase to the Lair.
  9370 | D:10     | Found a bloodstained altar of Trog.
  9712 | Lair:1   | Entered Level 1 of the Lair of Beasts
  9716 | Lair:1   | Offered knowledge of Mephitic Cloud by Vehumet.
  9945 | Lair:1   | Reached *** piety under Vehumet
  9994 | Lair:1   | Noticed a five-headed hydra
 10343 | Lair:1   | Killed a five-headed hydra
 10528 | Lair:1   | Reached skill level 1 in Fighting
 10601 | Lair:1   | Noticed a death yak
 10608 | Lair:1   | Noticed a death yak
 10608 | Lair:1   | Noticed a death yak
 10608 | Lair:1   | Noticed a death yak
 10610 | Lair:1   | Killed a death yak
 10611 | Lair:1   | Reached skill level 15 in Spellcasting
 10622 | Lair:1   | Killed a death yak
 10801 | D:10     | Killed a death yak
 10919 | Lair:1   | Killed a death yak
 11071 | Lair:1   | Reached XP level 12. HP: 63/63 MP: 18/33
 11076 | Lair:1   | Offered knowledge of Flame Wave by Vehumet.
 11077 | Lair:1   | Reached skill level 5 in Stealth
 11087 | Lair:1   | Reached skill level 5 in Dodging
 12232 | Lair:2   | Learned a level 4 spell: Flame Wave
 12237 | Lair:2   | Learned a level 4 spell: Summon Ice Beast
 12413 | Lair:2   | Found a staircase to the Swamp.
 12915 | Lair:3   | Noticed a five-headed hydra
 12924 | Lair:3   | Killed a five-headed hydra
 12952 | Lair:3   | Reached **** piety under Vehumet
 12958 | Lair:3   | Reached skill level 16 in Spellcasting
 12990 | Lair:3   | Slain by a jumping spider simulacrum

Illustrated notes

Levels and vault maps discovered:
D:1:      dpeg_arrival_rooms_a, layout_basic, st_stairs_2, roderic_lattice_a,
          minmay_pentomino_s2
D:2:      layout_loops_ring
D:3:      layout_basic, nrook_campfire
D:4:      layout_basic, serial_shops, kennysheep_mini, serial_park_tiny_2
D:5:      layout_gridville, minitemple, minmay_starry_boxes,
          uniq_crazy_yiuf_cottage, uniq_blork_the_orc
D:6:      layout_gridville, nicolae_vehumet_altar_sigil
D:7:      layout_loops_ring, minmay_temple_entry_butterflies, minivault_25
D:8:      layout_loops_ring, dancing_weapons_uskayaw, fedhas_ov_isle_minmay
D:9:      layout_roguey, uniq_prince_ribbit1
D:10:     layout_long_grid, trog_ov_bears_minmay, lair_entry_dummy,
          serial_shops, shop, minivault_7
D:11:     layout_irregular_city
Lair:1:   beast_lair_carwin_large_4, layout_layer_cave, patterned_corridor
Lair:2:   layout_loops_ring, skrybe_swamp_entry_bodies
Lair:3:   statuecave_lemuel, layout_concentric_octagons,
          nicolae_spider_entry_lesser_pyramids, st_stairs_3,
          lemuel_fruit_fields, uniq_snorg

Skill      XL: |  1  2  3  4  5  6  7  8  9 10 11 12 |
---------------+-------------------------------------+-----
Spellcasting   | 4 5 6 7 9 10 12 13 15 16 | 16.0
Conjurations   | 5 6 7 8 9 10 12 13 14 | 14.0
Hexes          | 1 5 6 |  6.9
Ice Magic      | 3 6 8 |  8.1
Dodging        | 4 6 |  6.5
Stealth        | 4 6 |  6.9
Fighting       | 2 4 |  4.0

Action                     |  1- 3 |  4- 6 |  7- 9 | 10-12 || total
---------------------------+-------+-------+-------+-------++-------
  Melee: Unarmed           |     1 |       |       |       ||     1
         Dagger            |       |     2 |       |       ||     2
         Quarterstaff      |       |       |    12 |     1 ||    13
         War axe           |       |       |       |     7 ||     7
  Throw: Dart              |    25 |     3 |     8 |       ||    36
   Cast: Magic Dart        |    78 |    58 |    26 |     3 ||   165
         Searing Ray       |       |     7 |    15 |     3 ||    25
         Fulminant Prism   |       |     8 |    55 |   106 ||   169
         Iskenderun's Myst |       |       |     8 |    43 ||    51
         Hailstorm         |       |       |     1 |    44 ||    45
         Summon Ice Beast  |       |       |       |     2 ||     2
  Evoke: Wand              |       |       |       |     5 ||     5
    Use: Scroll            |       |       |       |    10 ||    10
         Potion            |       |       |       |     3 ||     3
 Armour: Robe              |     4 |     1 |     7 |     9 ||    21
  Dodge: Dodged            |    18 |    10 |    17 |    35 ||    80
  Block: Other             |       |     5 |     8 |       ||    13
         Reflection        |       |     1 |       |       ||     1

Table legend: (Time is in decaauts)
 A = Elapsed time spent in this place.
 B = Non-inter-level travel time spent in this place.
 C = Inter-level travel time spent in this place.
 D = Time resting spent in this place.
 E = Time spent auto-exploring this place.
 F = Levels seen in this place.
 G = Mean time per level.
                   A        B        C        D        E       F      G
               +--------+--------+--------+--------+--------+-----+--------+
         Total |  13002 |  12532 |    470 |   3051 |   7461 |  14 |  928.7 |
       Dungeon |   9954 |   9515 |    439 |   2237 |   5804 |  11 |  904.9 |
          Lair |   3048 |   3017 |     31 |    814 |   1657 |   3 | 1016.0 |
               +--------+--------+--------+--------+--------+-----+--------+

Top non-repeatable levels by time:
  Lair:1: 1810 daAuts
    D:10: 1250 daAuts
     D:1: 1143 daAuts
     D:6: 1100 daAuts
    D:11: 1082 daAuts
     D:4: 1063 daAuts
     D:5: 1046 daAuts
  Lair:2: 988 daAuts
     D:3: 983 daAuts
     D:8: 667 daAuts
     D:7: 635 daAuts
     D:2: 603 daAuts
     D:9: 378 daAuts
  Lair:3: 249 daAuts
